 Seeded DCSS version 0.29.1-15-g9cfb28693d (webtiles) character file.

Game seed: 7207926220249212732 (custom seed)

30 McKennaii the Gusty (level 2, -1/20 HPs)
             Began as a Demigod Air Elementalist on Mar 2, 2023.
             Slain by a kobold
             ... wielding a +0 whip
              (2 damage)
             ... on level 2 of the Dungeon.
             The game lasted 00:00:59 (1548 turns).

McKennaii the Gusty (Demigod Air Elementalist)      Turns: 1548, Time: 00:01:00

Health: -1/20      AC:  2    Str:  9    XL:     2   Next: 84%
Magic:  3/7        EV: 12    Int: 17    God:
Gold:   46         SH:  0    Dex: 14    Spells: 4/5 levels left

rFire   . . .      SeeInvis .   (no weapon)
rCold   . . .      Faith    .   (no shield)
rNeg    . . .      Spirit   .   a - +0 robe
rPois   .          Reflect  .   (no helmet)
rElec   .          Harm     .   (no cloak)
rCorr   .          Rampage  .   (no gloves)
Will    .....                   (no boots)
Stlth   ++........              (no amulet)
HPRegen 0.06/turn               (no ring)
MPRegen 0.10/turn               (no ring)

@: no status effects
A: high MP 1, forlorn, divine attributes
a: no special abilities


You were on level 2 of the Dungeon.
You visited 1 branch of the dungeon, and saw 2 of its levels.

You collected 46 gold pieces.

Inventory:

Armour
 a - a +0 robe (worn)
Scrolls
 c - 2 scrolls of amnesia {unknown}
 d - a scroll of silence {unknown}
 e - a scroll of magic mapping {unknown}
Potions
 b - a potion of magic
 f - a potion of degeneration {unknown}


   Skills:
 - Level 1.7 Dodging
 - Level 1.7 Stealth
 + Level 2.1 Spellcasting
 + Level 1.4 Conjurations
 * Level 3.3 Air Magic


You had 4 spell levels left.
You knew the following spells:

 Your Spells              Type           Power      Damage    Failure   Level
a - Shock                 Conj/Air       36%        1d5       7%          1

Your spell library contained the following spells:

 Spells                   Type           Power      Damage    Failure   Level
 Static Discharge         Conj/Air       9%         3-5/arc   11%         2
 Swiftness                Air            13%        N/A       14%         3
 Airstrike                Air            6%         2d(1-17)  43%         4


Dungeon Overview and Level Annotations

Branches:
Dungeon (2/15)


Innate Abilities, Weirdness & Mutations

You have an increased reservoir of magic. (+10% MP)
You shall have no god before yourself.
Your divine heritage dramatically boosts your attributes as you level up.


Message History

The zap hits the jackal.
The jackal is moderately wounded.
The zap misses the jackal.
The zap hits the rat.
You kill the rat!
There are monsters nearby!
The jackal closely misses you.
A kobold comes into view. It is wielding a +0 whip.
The zap hits the jackal.
You kill the jackal!
The zap hits the kobold.
The kobold is severely wounded.
The jackal bites you.
There are monsters nearby!
You barely miss the jackal.
A giant cockroach comes into view.
The jackal bites you. x2
You barely miss the kobold.
The kobold is heavily wounded.
The jackal closely misses you. The kobold hits you with a +0 dagger.
The zap hits the kobold.
You kill the kobold!
The zap misses the kobold.
The jackal misses you.
There are monsters nearby!
The zap misses the jackal.
The jackal bites you. The jackal completely misses you.
The kobold hits you with a +0 whip.
* * * LOW HITPOINT WARNING * * *
You are too injured to fight recklessly!
You are too injured to fight recklessly!
You are too injured to fight recklessly!
You are too injured to fight recklessly!
The jackal attacks as you move away! The jackal barely misses you.
The jackal bites you.
* * * LOW HITPOINT WARNING * * *
The jackal attacks as you move away! The jackal bites you.
* * * LOW HITPOINT WARNING * * *
You see here a giant cockroach corpse.
The jackal attacks as you move away! The jackal bites you.
* * * LOW HITPOINT WARNING * * *
The kobold attacks as you move away! The kobold hits you with a +0 whip.
You die...

### #####.##
#......#########
#.###.###......#
#<# #.......# .#
#.#
#####.#.##.##
... #.# ....##
##.## #.##......
#.# ##@...>..#
..# #.hK..##.#
.## #.B...# . .
#.....# #...!.#
#..).......
###.####### #.#
...


You could see a jackal, a giant cockroach and a kobold.

Vanquished Creatures
  A ball python (D:1)
  4 endoplasms (D:1)
  A giant cockroach (D:2)
  4 goblins (D:1)
  2 hobgoblins (D:1)
  2 jackals (D:2)
  2 quokkas (D:1)
  2 bats (D:1)
  2 frilled lizards (D:1)
  3 kobolds
  3 rats
26 creatures vanquished.

Notes
Turn   | Place    | Note
-------+----------+-------------------------------------------
     0 | D:1      | McKennaii the Demigod Air Elementalist began the quest for
                  | the Orb.
     0 | D:1      | Reached XP level 1. HP: 14/14 MP: 5/5
    77 | D:1      | Reached skill level 1 in Conjurations
   595 | D:1      | Reached skill level 3 in Air Magic
   667 | D:1      | Reached XP level 2. HP: 3/20 MP: 0/7
  1548 | D:2      | HP: 1/20 [jackal (1)]
  1548 | D:2      | Slain by a kobold

Illustrated notes

Levels and vault maps discovered:
D:1:      minmay_arrival_plants_in_alcoves, layout_loops_ring
D:2:      layout_loops_cross, st_stairs_3, uniq_natasha, uniq_sigmund

Skill      XL: |  1 |
---------------+----+-----
Conjurations   | 1 |  1.4
Spellcasting   | 2 |  2.1
Air Magic      | 3 |  3.3
Dodging        | |  1.7
Stealth        | |  1.7

Action                   || total
-------------------------++-------
Melee: Unarmed           ||    21
 Cast: Shock             ||    48
Armor: Robe              ||     4
Dodge: Dodged            ||    37
